 Dungeon Crawl Stone Soup version 0.21-a0-1-gaf3b9a5 (webtiles) character file.

1 Gorglomux the Insei (level 1, -2/15 HPs)
             Began as a Barachi Transmuter on May 20, 2017.
             Slain by a leopard gecko (3 damage)
             ... on level 1 of the Dungeon.
             The game lasted 00:00:18 (130 turns).

Gorglomux the Insei (Barachi Transmuter)             Turns: 130, Time: 00:00:19

Health: -2/15      AC:  2    Str: 11    XL:     1   Next: 20%
Magic:  2/3        EV: 12    Int: 13    God:
Gold:   24         SH:  0    Dex: 12    Spells: 3/4 levels left

rFire    . . .     SeeInvis .     - Unarmed
rCold    . . .     Gourm    .   (no shield)
rNeg     . . .     Faith    .   b - +0 robe
rPois    .         Spirit   .   (no helmet)
rElec    .         Reflect  .   (no cloak)
rCorr    .         Harm     .   (no gloves)
MR       .....                  (no boots)
Stlth    +.........             (no amulet)
Regen    0.1/turn               (no ring)
MPRegen  0.1/turn               (no ring)

@: appendage (expiring), can't hop, slow
A: +LOS, swims, horns 2, slowness 1, strong legs 1
a: Hop, End Transformation


You were on level 1 of the Dungeon.
You were not hungry.
You had grown temporary horns.
You visited 1 branch of the dungeon, and saw 1 of its levels.

You collected 24 gold pieces.

Inventory:

Missiles
 a - 12 arrows
Armour
 b - a +0 robe (worn)
Books
 c - a book of Changes
Comestibles
 d - a bread ration {@e1}


   Skills:
 - Level 1.2 Fighting
 - Level 2.1 Dodging
 + Level 3.3 Unarmed Combat
 + Level 2.2 Spellcasting
 + Level 2.1 Transmutations


You had 3 spell levels left.
You knew the following spells:

 Your Spells              Type           Power        Failure   Level  Hunger
a - Beastly Appendage     Tmut           #.....       10%         1    ##.....


Dungeon Overview and Level Annotations

Branches:
Dungeon (1/15)

Altars:


Innate Abilities, Weirdness & Mutations

Shadows flee at your approach. (+LOS)
You can swim through water.
You cover ground slowly.
You can hop short distances.
You have a pair of horns on your head.


Message History

Warning: Cannot find file "HDamage.rc". (~/.crawlrc:9698) Warning: Cannot find file "HDAForceMore.rc". (~/.crawlrc:9701) Warning: Cannot find file "HDAColors.rc". (~/.crawlrc:9704) Warning: Cannot find file "HDAtravel.rc". (~/.crawlrc:9707) Welcome, Gorglomux the Barachi Transmuter.
It is said that the Orb of Zot exists deep within this dungeon.
Found a staircase leading out of the dungeon.
Found an escape hatch in the floor.
You now have 7 gold pieces.
You now have 24 gold pieces (gained 17).
You see here 28 stones.
A giant cockroach comes into view.
A giant cockroach is nearby!
You miscast Beastly Appendage.
You are very lightly contaminated with residual magic.
Your skin tingles.
You grow a pair of large bovine horns.
Unknown command.
The giant cockroach barely misses you.
You hit the giant cockroach. The giant cockroach barely misses you.
Unknown command.
Unknown command.
You barely miss the giant cockroach.
Your transformation is almost over.
The giant cockroach bites you.
You barely miss the giant cockroach.
The giant cockroach bites you but does no damage.
Unknown command.
You hit the giant cockroach.
You kill the giant cockroach!
No target in view!
No target in view!
A bat comes into view.
Unknown command.
A bat is nearby!
Unknown command.
A bat is nearby!
Unknown command.
A bat is nearby!
Unknown command.
You hit the bat. Your headbutt misses the bat. The bat hits you. x2
Unknown command.
You miss the bat. Your headbutt misses the bat. The bat hits you. x2
Unknown command.
You hit the bat. The bat barely misses you.
Unknown command.
Your horns disappear.
The bat closely misses you.
A leopard gecko comes into view.
The bat closely misses you.
Unknown command.
The bat hits you.
Unknown command.
You are too injured to fight recklessly!
Unknown command.
You are too injured to fight recklessly!
Unknown command.
You are too injured to fight recklessly!
You are too injured to fight recklessly!
Unknown command.
You grow a pair of large bovine horns.
The leopard gecko hisses angrily.
The bat closely misses you. The bat misses you.
The leopard gecko barely misses you.
Your magical contamination has completely faded away.
You miss the leopard gecko. The bat misses you. The leopard gecko bites you.
You are too injured to fight recklessly!
You completely miss the leopard gecko. Your headbutt misses the leopard gecko.
The bat hits you but does no damage. The leopard gecko bites you.
You closely miss the leopard gecko. The bat hits you but does no damage.
The leopard gecko misses you. The bat closely misses you.
You barely miss the leopard gecko. The bat barely misses you.
The leopard gecko bites you.
* * * LOW HITPOINT WARNING * * *
You miss the leopard gecko. The bat barely misses you.
The leopard gecko closely misses you. The leopard gecko bites you.
* * * LOW HITPOINT WARNING * * *
You barely miss the leopard gecko. The bat barely misses you.
The leopard gecko barely misses you.
Hop to where?
Boing!
Your transformation is almost over.
The leopard gecko closely misses you.
You closely miss the leopard gecko. Your headbutt misses the leopard gecko.
The leopard gecko barely misses you.
You barely miss the leopard gecko. The leopard gecko closely misses you.
You miss the leopard gecko. The leopard gecko closely misses you.
You hit the leopard gecko but do no damage.
Your headbutt misses the leopard gecko. The leopard gecko bites you.
You die...

#...............#
#...............###
+.................
#...............#
#...$..........?+
##............?..#
#......!.b#....###
#......#+#l....#
#......# #.@####
###.####
#.......... #.#
#.####.....
########.# #.# ...
.(##..##.# #.# .
###..#(.#.# #.#
...##Ť##.# #.#
####.##.### #.
#...#..#.### #.


You could see a leopard gecko and a bat.

Vanquished Creatures
  A giant cockroach (D:1)
1 creature vanquished.

Notes
Turn   | Place    | Note
-------+----------+-------------------------------------------
     0 | D:1      | Gorglomux the Barachi Transmuter began the quest for the Orb.
     0 | D:1      | Reached XP level 1. HP: 15/15 MP: 3/3
   124 | D:1      | HP: 1/15 [leopard gecko (3)]
   130 | D:1      | Slain by a leopard gecko

Vault maps used:
D:1:      dpeg_arrival_brainrot

Action                   || total
-------------------------++-------
Melee: Unarmed           ||    17
 Cast: Beastly Appendage ||     2
 Abil: Hop               ||     1
Armor: Robe              ||     3
Dodge: Dodged            ||    20

Vault maps used:
D:1:      dpeg_arrival_brainrot

Table legend:
 A = Turns spent in this place as a percentage of turns spent in the entire game.
 B = Non-inter-level travel turns spent in this place as a percentage of non-inter-level travel turns spent in the entire game.
 C = Inter-level travel turns spent in this place as a percentage of turns spent in this place.
 D = Turns resting spent in this place as a percentage of non-inter-level travel turns spent in this place.
 E = Turns spent auto-exploring this place as a percentage of non-inter-level travel turns spent in this place.
 F = Non-inter-level travel turns spent in this place divided by the number of levels of this place that you've seen.
                   A       B       C       D       E      F
               +-------+-------+-------+-------+-------+----------------------
         Total | 100.0 | 100.0 |   0.0 |   0.0 |   4.9 |  61.0
       Dungeon | 100.0 | 100.0 |   0.0 |   0.0 |   4.9 |  61.0
               +-------+-------+-------+-------+-------+----------------------

Table legend:
 A = Kills in this place as a percentage of kills in entire the game.
 B = Kills by you in this place as a percentage of kills by you in the entire game.
 C = Kills by friends in this place as a percentage of kills by friends in the entire game.
 D = Other kills in this place as a percentage of other kills in the entire game.
 E = Experience gained in this place as a percentage of experience gained in the entire game.
 F = Experience gained in this place divided by the number of levels of this place that you have seen.
                   A       B       C       D       E      F
               +-------+-------+-------+-------+-------+----------------------
         Total | 100.0 | 100.0 |  -nan |  -nan | 100.0 |   2.0
       Dungeon | 100.0 | 100.0 |  -nan |  -nan | 100.0 |   2.0
               +-------+-------+-------+-------+-------+----------------------
